 Dungeon Crawl Stone Soup version 0.13.2 (webtiles) character file.

318 Morbidden the Sneak (level 4, -14/36 HPs)
             Began as a Draconian Assassin on Aug 6, 2020.
             Killed from afar by an orc (19 damage)
             ... with a wand of cold
             ... on Level 3 of the Dungeon.
             The game lasted 00:05:16 (1967 turns).

Morbidden the Sneak (Draconian Assassin)            Turns: 1967, Time: 00:05:16

HP -14/36        AC  9     Str 14      XL: 4   Next: 68%
MP   3/3         EV 12     Int 12      God:
Gold 203         SH  0     Dex 12      Spells:  0 memorised,  4 levels left

Res.Fire  : . . .   See Invis. : .   a - +2 dagger {=f}
Res.Cold  : . . .   Warding    : .   (armour unavailable)
Life Prot.: . . .   Conserve   : .   (no shield)
Res.Poison: .       Res.Corr.  : .   (helmet restricted)
Res.Elec. : .       Clarity    : .   d - +2 cloak
Sust.Abil.: . .     Spirit.Shd : .   s - +0 pair of gauntlets
Res.Mut.  : .       Stasis     : .   (no boots)
Res.Rott. : .       Flight     : .   (no amulet)
Saprovore : . . .                    (no ring)
                                     (no ring)

@: slightly resistant to hostile enchantments, fairly stealthy
A: unfitting armour, AC +5
a: no special abilities


You were on level 3 of the Dungeon.
You were not hungry.

You visited 1 branch of the dungeon, and saw 3 of its levels.

You collected 153 gold pieces.

Inventory:

Hand weapons
 a - a +2,+2 dagger (weapon) {=f}
 b - a +0 blowgun
Missiles
 c - 50 darts (quivered)
 e - 8 poisoned needles
 f - 2 curare-tipped needles
 u - a poisoned dart
Armour
 d - a +2 cloak (worn)
 s - a +0 pair of gauntlets (worn)
Comestibles
 g - 3 bread rations
 k - 4 chokos
 l - 2 meat rations
Scrolls
 j - a scroll of identify {unknown}
 p - a scroll of curse armour {unknown}
 q - 2 scrolls of recharging {unknown}
 r - a scroll of fear {unknown}
 v - a scroll of enchant weapon II {unknown}
 w - 2 scrolls of teleportation {unknown}
 x - a scroll of remove curse {unknown}
 z - a scroll of magic mapping {unknown}
 A - a scroll of random uselessness {unknown}
Jewellery
 h - a +4 ring of evasion {unknown}
 o - an uncursed ring of protection from cold {unknown}
Potions
 i - a potion of restore abilities {unknown}
 m - 2 potions of mutation {unknown}
 n - 2 potions of curing {unknown}
Carrion
 t - a rotting kobold corpse


   Skills:
 * Level 2.5 Fighting
 + Level 2.2 Short Blades
 + Level 2.4 Throwing
 * Level 2.7 Dodging
 + Level 4.1 Stealth
 * Level 0.5 Spellcasting


You had 4 spell levels left.
You didn't know any spells.

Dungeon Overview and Level Annotations

Branches:
Dungeon (3/27)

Altars:


Message History

The orc is heavily wounded.
The orc zaps a wand.
The bolt of cold hits the jackal.
The jackal dies!
The bolt of cold misses you. The goblin misses you.
The orc hits you with an orcish flail! The orc hits you but does no damage.
You hit the orc. You tail-slap the orc.
The orc is almost dead.
The goblin misses you.
Unknown command.
Unknown command.
You hit the orc.
You kill the orc!
The orc closely misses you.
You hit the orc.
Your tail-slap misses the orc.
The orc is moderately wounded.
The goblin barely misses you. The orc hits you with an orcish flail!
* * * LOW HITPOINT WARNING * * *
The orc zaps a wand.
The bolt of cold hits you!
Ouch! That really hurt!
You die...

...#....#######.
...#.............
......%......##.# #
...#....#....##.# .#
...#....#....##.###.####
....%...........(......#
#.##<...#.......o......#
#....##.#......o.g...(.#
#....##.#......)@.)..<.#
.......................#
........#####..(.......#
...........>............
.....########..........#
................##)####
...................#
####################


You could see 2 orcs and a goblin.

Vanquished Creatures
  Jessica (D:3)
  Terence (D:2)
  2 adders
  A worm (D:3)
  A giant mite (D:3)
  5 giant geckos
  An ooze (D:1)
  An orc (D:3)
  2 ball pythons (D:1)
  5 bats
  2 goblins (D:1)
  7 hobgoblins
  3 jackals (D:3)
  3 kobolds
  3 quokkas
  3 giant cockroaches
  2 giant newts
  4 rats
47 creatures vanquished.

Vanquished Creatures (others)
  A jackal (D:3)
1 creature vanquished.

Grand Total: 48 creatures vanquished

Notes
Turn   | Place    | Note
--------------------------------------------------------------
     0 | D:1      | Morbidden, the Draconian Assassin, began the quest for the Orb.
     0 | D:1      | Reached XP level 1. HP: 16/16 MP: 0/0
   115 | D:1      | Reached skill level 1 in Dodging
   189 | D:1      | Reached skill level 4 in Stealth
   193 | D:1      | Reached XP level 2. HP: 21/23 MP: 1/1
   555 | D:1      | Reached XP level 3. HP: 26/28 MP: 2/2
   783 | D:2      | Noticed Terence
   802 | D:2      | Killed Terence
  1739 | D:3      | Reached XP level 4. HP: 36/36 MP: 3/3
  1793 | D:3      | Noticed Jessica
  1806 | D:3      | Killed Jessica
  1967 | D:3      | Killed from afar by an orc

Action                   |  1- 3 |  4- 6 || total
-------------------------+-------+-------++-------
Melee: Dagger            |   156 |    50 ||   206
 Fire: Blowgun           |     1 |       ||     1
Throw: Dart              |    44 |     7 ||    51
       Dagger            |     8 |     5 ||    13
  Use: Scroll            |     3 |       ||     3
 Stab: Sleeping          |       |     1 ||     1
